[Event "Titled Tuesday Blitz February 07 Early 2023"]
[White "Nouri, Alekhine"]
[Black "Balabayeva, Xeniya"]
[WhiteFideId "5216184"]
[BlackFideId "13719688"]
[WhiteElo "2257"]
[BlackElo "2191"]
[Result "1-0"]
[Round "01"]
[TimeControl "180+2"]
[Date "2023.02.07"]
[WhiteClock "0:00:32"]
[BlackClock "0:00:02"]

1. e4 c5 2. Nc3 e6 3. f4 Nc6 4. Nf3 g6 5. Bb5 Bg7 6. Bxc6 bxc6 7. O-O Ne7 8. d3 d6 9. Be3 O-O 10. Rb1 Ba6 11. Qd2 Qc7 12. Rfe1 Rfd8 13. b3 Qa5 14. Nd5 Qxd2 15. Nxe7+ Kf8 16. Nxg6+ hxg6 17. Nxd2 Bd4 18. Bxd4 cxd4 19. Nc4 Rab8 20. Kf2 Ke7 21. Nd2 c5 22. a4 Rb4 23. Rbc1 Rdb8 24. g4 Rh8 25. Kg3 Rbb8 26. h4 Rh7 27. Nf3 Rbh8 28. f5 e5 29. Rh1 Bc8 30. Rcf1 gxf5 31. gxf5 f6 32. Kf2 Bd7 33. Rfg1 Be8 34. Rg3 Bh5 35. Nd2 Bf7 36. Rgh3 Rg7 37. h5 Rh6 38. Nf1 Rg4 39. Ng3 Rf4+ 40. Ke2 Rg4 41. Kd2 Rf4 42. Kc1 Rf3 43. a5 a6 44. Kb2 Re3 45. Ka3 Rf3 46. Kb2 Be8 47. Kc1 Bf7 48. Kd2 Re3 49. c4 Be8 50. Rg1 Rf3 51. Rh4 Bf7 52. Rg2 1-0


[Site "https://www.chess.com"]

[Event "Titled Tuesday Blitz February 07 Early 2023"]
[White "Horak, Martin"]
[Black "Nguyen, Quoc Hy"]
[WhiteFideId "367095"]
[BlackFideId "12410853"]
[WhiteElo "2266"]
[BlackElo "2352"]
[Result "1/2-1/2"]
[Round "01"]
[TimeControl "180+2"]
[Date "2023.02.07"]
[WhiteClock "0:00:09"]
[BlackClock "0:00:34"]

1. d4 d5 2. c4 c6 3. Nf3 e6 4. e3 Nf6 5. Nbd2 Nbd7 6. b3 Bd6 7. Bb2 O-O 8. Bd3 b6 9. O-O Bb7 10. cxd5 cxd5 11. Ne5 Ne4 12. Nxd7 Qxd7 13. Nxe4 dxe4 14. Be2 f5 15. f4 Bd5 16. Qd2 h6 17. Rac1 g5 18. g3 Kh7 19. Kh1 Rg8 20. Bc4 gxf4 21. gxf4 Rg7 22. Bxd5 exd5 23. Rg1 Rag8 24. Bc3 Qf7 25. Qe2 Rg4 26. Rxg4 Rxg4 27. Rg1 h5 28. Rxg4 hxg4 29. Be1 Qh5 30. Bg3 Qh3 31. Qb5 Bf8 32. Qd7+ Kh8 33. Kg1 Qh7 34. Qxd5 Qc7 35. Qe5+ Qxe5 36. fxe5 Kg7 37. Bf4 Kf7 38. d5 Bb4 39. Kf2 Ke7 40. Ke2 a6 41. Kd1 b5 42. a4 Bc3 43. Kc2 Be1 44. axb5 axb5 45. Kd1 Bc3 46. Ke2 Kd7 47. Kf1 Ke7 48. Kg2 Bd2 49. h3 Be1 50. hxg4 fxg4 51. Kf1 Bh4 52. Ke2 Ke8 53. Kf1 Ke7 54. Kg2 Be1 55. Kf1 Bh4 1/2-1/2


[Site "https://www.chess.com"]

[Event "Titled Tuesday Blitz February 07 Early 2023"]
[White "Mastrovasilis, Athanasios"]
[Black "Forgacs, Attila Jr."]
[WhiteFideId "4201990"]
[BlackFideId "773654"]
[WhiteElo "2497"]
[BlackElo "2264"]
[Result "0-1"]
[Round "01"]
[TimeControl "180+2"]
[Date "2023.02.07"]
[WhiteClock "0:00:06"]
[BlackClock "0:00:07"]

1. d4 Nf6 2. c4 g6 3. Nc3 d5 4. cxd5 Nxd5 5. Nf3 Bg7 6. e4 Nxc3 7. bxc3 c5 8. Be3 Qa5 9. Qd2 O-O 10. Rc1 Nc6 11. d5 Ne5 12. Nxe5 Bxe5 13. f4 Bg7 14. e5 Rd8 15. c4 Qa3 16. Rc3 Qb4 17. Be2 Qb1+ 18. Rc1 Qe4 19. Bf3 Qf5 20. g4 Qd7 21. Bxc5 g5 22. O-O b6 23. Bd4 Bb7 24. f5 h6 25. f6 exf6 26. exf6 Bf8 27. Rfe1 b5 28. Re5 Re8 29. Rxg5+ hxg5 30. Qxg5+ Kh8 31. Qh4+ Kg8 32. Qg5+ Kh8 33. Qh5+ Kg8 34. g5 Qf5 35. Rf1 Qg6 36. Qxg6+ fxg6 37. c5 Rad8 38. d6 Bxf3 39. Rxf3 Kf7 40. Ra3 Rd7 41. Ra6 Re4 42. Bf2 Re5 43. h4 Re4 44. Kg2 Rg4+ 45. Kf3 Rc4 46. Bg3 Rc3+ 47. Ke4 Rxc5 48. Be5 Rc4+ 49. Kd5 Rxh4 50. Bd4 Rxd4+ 51. Kxd4 Rxd6+ 52. Kc5 Rxa6+ 53. Kxb5 Rxa2 0-1


[Site "https://www.chess.com"]

[Event "Titled Tuesday Blitz February 07 Early 2023"]
[White "Dudzinski, Pawel"]
[Black "Preotu, Razvan"]
[WhiteFideId "1117890"]
[BlackFideId "2613280"]
[WhiteElo "2186"]
[BlackElo "2475"]
[Result "1-0"]
[Round "01"]
[TimeControl "180+2"]
[Date "2023.02.07"]
[WhiteClock "0:02:04"]
[BlackClock "0:01:10"]

1. e4 c5 2. c4 Nc6 3. Nc3 g6 4. g3 Bg7 5. Bg2 a6 6. Rb1 b5 7. d3 b4 8. Nce2 e5 9. f4 d6 10. Nf3 Nge7 11. O-O h6 12. f5 gxf5 13. Nh4 fxe4 14. Bxe4 Bd7 15. Nf5 Nxf5 16. Bxf5 Bxf5 17. Rxf5 Ne7 18. Rh5 Qd7 19. Be3 Qg4 20. Rh4 Qf3 21. Qd2 Nf5 22. Re4 O-O 23. Rf1 Qh5 24. g4 Qg6 25. Rxf5 1-0


[Site "https://www.chess.com"]

[Event "Titled Tuesday Blitz February 07 Early 2023"]
[White "Lianes Garcia, Marcos"]
[Black "Goncalves, Davi Sulzbacher"]
[WhiteFideId "32060777"]
[BlackFideId "2154510"]
[WhiteElo "2411"]
[BlackElo "2282"]
[Result "1-0"]
[Round "01"]
[TimeControl "180+2"]
[Date "2023.02.07"]
[WhiteClock "0:01:33"]
[BlackClock "0:00:09"]

1. e4 c5 2. g3 Nc6 3. Bg2 g6 4. Ne2 Bg7 5. O-O d6 6. c3 Nf6 7. d4 O-O 8. h3 Bd7 9. Be3 Qb6 10. Qd2 Rfd8 11. f4 cxd4 12. cxd4 d5 13. exd5 Nb4 14. Nbc3 Bf5 15. g4 Bd3 16. Na4 Qb5 17. Nec3 Qe8 18. Rfd1 Bc2 19. Nc5 Bxd1 20. Rxd1 Nbxd5 21. Nxb7 Nxe3 22. Qxe3 Rdc8 23. Nc5 Rab8 24. Nb3 a5 25. Rd2 a4 26. Nc5 e6 27. N5xa4 Nd5 28. Bxd5 exd5 29. Qxe8+ Rxe8 30. Kf2 Rb4 31. Kg2 Rxd4 32. Rxd4 Bxd4 33. Nxd5 Bxb2 34. Kf3 Bd4 35. Nac3 Kf8 36. a4 Rc8 37. Nb5 Rc4 38. a5 Rc5 39. Ndc7 Bc3 40. a6 Rc6 41. a7 1-0


[Site "https://www.chess.com"]

[Event "Titled Tuesday Blitz February 07 Early 2023"]
[White "Mesa Cruz, Juan Carlos"]
[Black "Rozman, Levy"]
[WhiteFideId "6423400"]
[BlackFideId "2039877"]
[WhiteElo "2122"]
[BlackElo "2322"]
[Result "1/2-1/2"]
[Round "01"]
[TimeControl "180+2"]
[Date "2023.02.07"]
[WhiteClock "0:00:20"]
[BlackClock "0:00:12"]

1. e4 e6 2. Qe2 d5 3. exd5 Qxd5 4. Nc3 Qa5 5. Nf3 Nf6 6. g3 Bb4 7. Bg2 O-O 8. O-O Nc6 9. a3 Re8 10. Na2 Bf8 11. d4 e5 12. Bd2 Qb6 13. dxe5 Ng4 14. Bc3 Bd6 15. Nb4 Ncxe5 16. Nd5 Qc5 17. Nxe5 Nxe5 18. b4 Qc4 19. Qxc4 Nxc4 20. Rfe1 Be6 21. Ne3 Nb6 22. Bxb7 Rab8 23. Bc6 Rf8 24. f4 Nc4 25. Nxc4 Bxc4 26. Re4 Ba6 27. Be5 Bb7 28. Bxb7 Rxb7 29. Bxd6 cxd6 30. Rd1 Rb6 31. Red4 Rc6 32. R1d2 Rc3 33. a4 Ra3 34. a5 Ra4 35. Rxd6 Rxb4 36. Rd7 h5 37. Rxa7 h4 38. Kg2 Ra4 39. a6 Kh7 40. Rdd7 Kg6 41. Rd6+ f6 42. Rdd7 Kf5 43. Rxg7 Rh8 44. g4+ Kxf4 45. Raf7 h3+ 46. Kf2 Rxa6 47. g5 f5 48. Rf6 Ra2 49. Rgf7 Rxc2+ 50. Kg1 Rc5 51. g6 Rb8 52. Re6 Rb1+ 53. Kf2 Rh1 54. Ke2 Rxh2+ 55. Kd3 Rg2 56. g7 Rd5+ 57. Kc4 Rd1 58. Rh6 Rg3 59. Rf8 Rxg7 60. Rxh3 Rc7+ 61. Kb5 Rb1+ 62. Ka6 Rc2 63. Ra3 Rc4 64. Ra5 Rc6+ 65. Ka7 Rc7+ 66. Ka8 Ke4 67. Rfxf5 Kd4 68. Rf4+ Kc3 69. Rff5 Kd4 70. Rfb5 Rh1 71. Ra4+ Kc3 72. Rb7 Rh8+ 73. Ka7 Rcc8 74. Ra3+ Kc2 75. Ra2+ Kc3 76. Ra3+ Kc4 77. Ra4+ Kc5 78. Ra5+ Kc4 79. Ra4+ Kc3 80. Ra3+ 1/2-1/2


[Site "https://www.chess.com"]

[Event "Titled Tuesday Blitz February 07 Early 2023"]
[White "Bilych, Olexiy"]
[Black "Abdilkhair, Abilmansur"]
[WhiteFideId "14156504"]
[BlackFideId "13716417"]
[WhiteElo "2441"]
[BlackElo "2268"]
[Result "0-1"]
[Round "01"]
[TimeControl "180+2"]
[Date "2023.02.07"]
[WhiteClock "0:00:08"]
[BlackClock "0:00:16"]

1. d4 Nf6 2. c4 e6 3. Nc3 d5 4. e3 Be7 5. Nf3 O-O 6. Bd3 dxc4 7. Bxc4 a6 8. a4 c5 9. O-O Nc6 10. dxc5 Bxc5 11. Qe2 Qc7 12. Rd1 Rd8 13. Rxd8+ Qxd8 14. e4 Ng4 15. h3 Nge5 16. Nxe5 Nxe5 17. Bf4 Nxc4 18. Qxc4 Qb6 19. Bg3 Bd7 20. Rd1 Bc6 21. Rd2 Rc8 22. Kh2 Be7 23. Bf4 h6 24. Be3 Qb4 25. Qd4 Qxd4 26. Rxd4 Bc5 27. Rd3 Bxe3 28. fxe3 Kf8 29. Kg3 Ke7 30. e5 Bd7 31. Kf4 Rc5 32. Rd4 g5+ 33. Kf3 Rxe5 34. g4 Bc6+ 35. Kf2 f5 36. b4 Kf6 37. a5 Kg6 38. Ne2 Re4 39. Rd6 fxg4 40. hxg4 Kf6 41. Nd4 Bd5 42. Nf5 Rxg4 43. Nxh6 Rxb4 44. Rd7 Rb2+ 45. Kg3 Rg2+ 46. Kh3 Re2 47. Ng4+ Kf5 48. Kg3 Rg2+ 49. Kh3 Rxg4 50. Rf7+ Kg6 0-1


[Site "https://www.chess.com"]

[Event "Titled Tuesday Blitz February 07 Early 2023"]
[White "Gutkin, Ilya"]
[Black "Matinian, Nikita"]
[WhiteFideId "16203470"]
[BlackFideId "24129100"]
[WhiteElo "2273"]
[BlackElo "2407"]
[Result "1/2-1/2"]
[Round "01"]
[TimeControl "180+2"]
[Date "2023.02.07"]
[WhiteClock "0:00:09"]
[BlackClock "0:01:22"]

1. Nf3 Nf6 2. g3 g6 3. b3 c5 4. c4 Bg7 5. Bb2 b6 6. Bg2 Bb7 7. O-O O-O 8. d4 cxd4 9. Qxd4 d5 10. cxd5 Qxd5 11. Nc3 Qxd4 12. Nxd4 Bxg2 13. Kxg2 Rc8 14. Rac1 Nc6 15. Nxc6 Rxc6 16. Nb5 Rxc1 17. Rxc1 Nd5 18. Bxg7 Kxg7 19. e4 a6 20. exd5 axb5 21. Rc6 Rd8 22. Rxb6 Rxd5 23. a4 bxa4 24. bxa4 Rd2 25. a5 Ra2 26. a6 e5 27. Kf3 f5 28. h4 h6 29. Ke3 e4 30. Rc6 Kf7 31. h5 gxh5 32. Rxh6 Kg7 33. Rb6 Kf7 34. Rh6 Kg7 35. Rb6 Kf7 36. Rc6 Ke7 37. Rh6 Kf7 38. Rb6 Kg7 39. Rc6 Kf7 40. Rb6 Kg7 41. Rc6 Kf7 42. Rb6 1/2-1/2


[Site "https://www.chess.com"]

[Event "Titled Tuesday Blitz February 07 Early 2023"]
[White "Csonka, Balazs"]
[Black "Zacurdajev, Dmitry"]
[WhiteFideId "742910"]
[BlackFideId "4196309"]
[WhiteElo "2496"]
[BlackElo "2273"]
[Result "0-1"]
[Round "01"]
[TimeControl "180+2"]
[Date "2023.02.07"]
[WhiteClock "0:00:01"]
[BlackClock "0:00:03"]

1. e4 c6 2. d4 d5 3. Nd2 dxe4 4. Nxe4 Nf6 5. Nxf6+ exf6 6. c3 Bd6 7. Bd3 Na6 8. Ne2 Nc7 9. O-O h5 10. Re1 Kf8 11. Bf4 h4 12. Qd2 h3 13. g3 Ne6 14. Be3 Ng5 15. Bxg5 fxg5 16. f4 Qf6 17. Rf1 g4 18. f5 Bd7 19. Rf2 Re8 20. Raf1 c5 21. Bc4 Bc6 22. Nf4 cxd4 23. Ng6+ fxg6 24. fxg6 Bf3 25. Bd5 dxc3 26. bxc3 Bc5 27. Bxf3 gxf3 28. Qd7 Bxf2+ 29. Kxf2 Re2+ 30. Kg1 Re7 31. Qd8+ Re8 32. Qd3 Kg8 33. Rxf3 Qb6+ 34. Kf1 Qe6 35. Qd2 Qe7 36. Rf7 Qe6 37. Rf4 Rh5 38. g4 Rd5 39. Qf2 Qd6 40. Rf7 Rd1+ 0-1


[Site "https://www.chess.com"]

[Event "Titled Tuesday Blitz February 07 Early 2023"]
[White "Melikhov, Evgeny V."]
[Black "Szpar, Milosz"]
[WhiteFideId "4122046"]
[BlackFideId "1184989"]
[WhiteElo "2269"]
[BlackElo "2447"]
[Result "0-1"]
[Round "01"]
[TimeControl "180+2"]
[Date "2023.02.07"]
[WhiteClock "0:00:40"]
[BlackClock "0:01:01"]

1. d4 Nf6 2. c4 c5 3. d5 e6 4. Nc3 exd5 5. cxd5 d6 6. Nf3 g6 7. h3 Bg7 8. e4 O-O 9. Be3 Re8 10. Bd3 Nxe4 11. Nxe4 f5 12. Neg5 f4 13. Ne6 Bxe6 14. dxe6 fxe3 15. O-O Nc6 16. Bc4 Ne7 17. Bd5 exf2+ 18. Rxf2 Rf8 19. Re2 Rb8 20. Qd2 b5 21. Rd1 Qb6 22. Kh1 c4 23. Ng5 Bh6 24. h4 Qc5 25. Qd4 Rf1+ 26. Kh2 Rxd1 27. Qf6 Qg1+ 28. Kh3 Rd3+ 29. Nf3 Nxd5 30. Qf7+ Kh8 31. e7 Nf4+ 32. Kg3 Nxe2+ 0-1


[Site "https://www.chess.com"]

[Event "Titled Tuesday Blitz February 07 Early 2023"]
[White "Leiva, Gianmarco"]
[Black "Rottenwohrer Suarez, Juan"]
[WhiteFideId "3804399"]
[BlackFideId "32068182"]
[WhiteElo "2392"]
[BlackElo "2265"]
[Result "1-0"]
[Round "01"]
[TimeControl "180+2"]
[Date "2023.02.07"]
[WhiteClock "0:00:02"]
[BlackClock "0:00:02"]

1. e4 c6 2. Nc3 d5 3. Nf3 Bg4 4. h3 Bxf3 5. Qxf3 e6 6. g3 Nf6 7. Bg2 Bb4 8. e5 Nfd7 9. O-O Nxe5 10. Qf4 Bd6 11. Qe3 O-O 12. d3 a6 13. Ne2 c5 14. Qd2 Nbc6 15. c3 c4 16. dxc4 Nxc4 17. Qd3 Bc5 18. b3 N6e5 19. Qc2 Nd6 20. Kh2 Rc8 21. Bb2 Ba7 22. Rad1 h5 23. c4 Ng6 24. Qd3 h4 25. cxd5 e5 26. Rc1 Qg5 27. Ba3 Rxc1 28. Rxc1 hxg3+ 29. fxg3 Rd8 30. Rc7 e4 31. Qc3 Bb8 32. Bb2 Nf5 33. Rc8 1-0


[Site "https://www.chess.com"]

[Event "Titled Tuesday Blitz February 07 Early 2023"]
[White "Wagh Suyog"]
[Black "Mouhamad, Joachim"]
[WhiteFideId "25071688"]
[BlackFideId "656410"]
[WhiteElo "2313"]
[BlackElo "2238"]
[Result "1-0"]
[Round "01"]
[TimeControl "180+2"]
[Date "2023.02.07"]
[WhiteClock "0:00:12"]
[BlackClock "0:00:02"]

1. e4 c5 2. Nf3 Nc6 3. d4 cxd4 4. Nxd4 g6 5. c4 Nf6 6. Nc3 d6 7. Be2 Nxd4 8. Qxd4 Bg7 9. Qd3 O-O 10. O-O a5 11. Be3 a4 12. Bd4 Be6 13. Rac1 Qa5 14. Kh1 Rfc8 15. Nd5 Bxd5 16. exd5 Nd7 17. Bg4 f5 18. Bxg7 Kxg7 19. Qd4+ Kg8 20. Be2 Re8 21. g4 Qc5 22. Qd2 Nf6 23. gxf5 gxf5 24. Rg1+ Kh8 25. Qf4 Ne4 26. Rg2 Rg8 27. Rcg1 Rxg2 28. Rxg2 Rg8 29. Rxg8+ Kxg8 30. Qxf5 Qd4 31. Qe6+ Kf8 32. Bh5 Ng5 33. Qf5+ Qf6 34. Qxf6+ exf6 35. Bd1 Ne4 36. Bxa4 Nxf2+ 37. Kg2 Nd3 38. b3 Nc5 39. Bb5 Kf7 40. Kf3 Kg6 41. Ke3 Kg5 42. b4 Na6 43. Bxa6 bxa6 44. a4 Kf5 45. a5 Ke5 46. h4 f5 47. Kf3 h6 48. h5 Kd4 49. b5 axb5 50. cxb5 Kc5 51. a6 Kb6 52. Kf4 1-0


[Site "https://www.chess.com"]

[Event "Titled Tuesday Blitz February 07 Early 2023"]
[White "Kostiukov, Alexandr"]
[Black "Vaishali, Rameshbabu"]
[WhiteFideId "14108100"]
[BlackFideId "5091756"]
[WhiteElo "2271"]
[BlackElo "2418"]
[Result "0-1"]
[Round "01"]
[TimeControl "180+2"]
[Date "2023.02.07"]
[WhiteClock "0:00:05"]
[BlackClock "0:00:52"]

1. g3 e5 2. c4 d6 3. Bg2 Be7 4. Nc3 f5 5. Nf3 Nf6 6. O-O O-O 7. d4 e4 8. Ng5 h6 9. Nh3 Be6 10. Nf4 Bxc4 11. Ng6 Re8 12. Nxe7+ Qxe7 13. d5 Nbd7 14. Be3 Nb6 15. b3 Nbxd5 16. bxc4 Nxc3 17. Qc2 Nxe2+ 18. Qxe2 Ng4 19. Bd4 Ne5 20. Rab1 b6 21. f3 exf3 22. Bxf3 Nxf3+ 23. Qxf3 Qe4 24. Qxe4 Rxe4 25. Rbd1 g6 26. Rfe1 Rae8 27. Rxe4 Rxe4 28. Kf2 Kf7 29. Kf3 g5 30. h3 h5 31. Rd3 Kg6 32. Be3 Rxc4 33. Ra3 a5 34. Rb3 Rc2 35. a3 g4+ 36. hxg4 hxg4+ 37. Kf4 Rc4+ 38. Bd4 Rxd4+ 39. Ke3 Re4+ 0-1


[Site "https://www.chess.com"]

[Event "Titled Tuesday Blitz February 07 Early 2023"]
[White "Tan, Zhongyi"]
[Black "Jovic, Stanoje"]
[WhiteFideId "8603642"]
[BlackFideId "905020"]
[WhiteElo "2517"]
[BlackElo "2075"]
[Result "1-0"]
[Round "01"]
[TimeControl "180+2"]
[Date "2023.02.07"]
[WhiteClock "0:00:56"]
[BlackClock "0:00:08"]

1. d4 Nf6 2. c4 e6 3. g3 d5 4. Bg2 Nc6 5. Nf3 Rb8 6. cxd5 exd5 7. O-O Be7 8. Ne5 O-O 9. Nxc6 bxc6 10. Nc3 Re8 11. b3 Bf5 12. Bf4 Bd6 13. Bg5 h6 14. Bxf6 Qxf6 15. Qd2 g5 16. Rac1 Ba3 17. Rcd1 Bb4 18. e3 Kg7 19. Qc1 h5 20. Na4 h4 21. a3 Bf8 22. b4 a5 23. bxa5 Ra8 24. Qc3 h3 25. Bh1 Be4 26. f3 Bg6 27. Rc1 Re6 28. f4 gxf4 29. Rxf4 Qe7 30. e4 Bxe4 31. Nc5 Bxh1 32. Nxe6+ Qxe6 33. Kxh1 Bd6 34. Rf3 Qe4 35. Re1 Qg4 36. Ref1 Qe4 37. Re1 Qg4 38. Qe3 Re8 39. Rxf7+ Kxf7 40. Qxe8+ Kg7 41. Rf1 Qxd4 42. Rf7+ Kh6 43. Qe6+ 1-0


[Site "https://www.chess.com"]

[Event "Titled Tuesday Blitz February 07 Early 2023"]
[White "Lorenzo De La Riva, Lazaro"]
[Black "Starozhilov, Leonid"]
[WhiteFideId "2268809"]
[BlackFideId "14106752"]
[WhiteElo "2404"]
[BlackElo "2313"]
[Result "1-0"]
[Round "01"]
[TimeControl "180+2"]
[Date "2023.02.07"]
[WhiteClock "0:00:03"]
[BlackClock "0:00:03"]

1. e4 c5 2. Nf3 e6 3. d4 cxd4 4. Nxd4 a6 5. c4 Nf6 6. Nc3 Bb4 7. Qd3 O-O 8. e5 Ne8 9. Bf4 d5 10. a3 Qa5 11. Rc1 Bxc3+ 12. Qxc3 Qxc3+ 13. Rxc3 Nc6 14. Nxc6 bxc6 15. cxd5 cxd5 16. Bd3 Bd7 17. Kd2 f6 18. f3 Bb5 19. Bb1 g5 20. Bg3 Rf7 21. Rhc1 Rb7 22. b3 Kf7 23. Bxh7 f5 24. h4 Kg7 25. Bxf5 exf5 26. hxg5 Kg6 27. f4 Ng7 28. Bf2 Ne6 29. g3 d4 30. R3c2 Rh8 31. a4 Rh2 32. Ke1 Rh1+ 33. Kd2 Rh2 34. Ke1 Bd3 35. Rc6 Rh1+ 36. Kd2 Rxc1 37. Kxc1 Kf7 38. g6+ Ke7 39. g4 fxg4 40. Bh4+ Kd7 41. Rd6+ Kc7 42. Rxe6 Rxb3 43. g7 Bh7 44. Re8 Rc3+ 45. Kd2 Rh3 46. Be1 Rh2+ 47. Kd1 g3 48. Bxg3 Rh1+ 49. Kd2 Rh3 50. Be1 Kd7 51. Rh8 Rd3+ 52. Kc1 1-0


[Site "https://www.chess.com"]

[Event "Titled Tuesday Blitz February 07 Early 2023"]
[White "Md, Imran"]
[Black "Kaganskiy, Gleb"]
[WhiteFideId "25748580"]
[BlackFideId "4132025"]
[WhiteElo "2284"]
[BlackElo "2205"]
[Result "1-0"]
[Round "01"]
[TimeControl "180+2"]
[Date "2023.02.07"]
[WhiteClock "0:00:41"]
[BlackClock "0:00:27"]

1. e4 e6 2. d4 d5 3. Nc3 Bb4 4. exd5 exd5 5. Bd3 Ne7 6. Ne2 Bf5 7. O-O Bxd3 8. Qxd3 O-O 9. Bg5 Qd7 10. a3 Bd6 11. Rfe1 f6 12. Bh4 c6 13. Bg3 Na6 14. Nf4 Nc7 15. Re2 Rae8 16. Rae1 Nf5 17. Rxe8 Rxe8 18. Rxe8+ Nxe8 19. Nfe2 Nxg3 20. hxg3 f5 21. Nd1 Nf6 22. Ne3 g6 23. Nf4 Ne4 24. c4 Bxf4 25. gxf4 dxc4 26. Qxc4+ Qf7 27. d5 cxd5 28. Nxd5 Kg7 29. Qd4+ Kh6 30. f3 Nd6 31. g4 Qe6 32. g5+ Kh5 33. Nf6+ Kh4 34. Qf2+ Kh3 35. Qh2# 1-0


[Site "https://www.chess.com"]

[Event "Titled Tuesday Blitz February 07 Early 2023"]
[White "Dzida, Kamil"]
[Black "Papasimakopoulos, Alexandros"]
[WhiteFideId "21828652"]
[BlackFideId "4244125"]
[WhiteElo "2352"]
[BlackElo "2401"]
[Result "1-0"]
[Round "01"]
[TimeControl "180+2"]
[Date "2023.02.07"]
[WhiteClock "0:00:16"]
[BlackClock "0:00:01"]

1. e4 e6 2. Qe2 c5 3. g3 Nc6 4. Nf3 g6 5. Bg2 Bg7 6. O-O Nge7 7. d3 O-O 8. c3 d5 9. e5 b5 10. h4 h6 11. Bf4 a5 12. Nh2 b4 13. Ng4 Nf5 14. Ne3 Nce7 15. Nxf5 Nxf5 16. Bh3 a4 17. a3 Qe7 18. Nd2 bxc3 19. bxc3 Ba6 20. Bxf5 exf5 21. Qe3 Kh7 22. Rfe1 d4 23. cxd4 cxd4 24. Qxd4 Rfd8 25. Qxa4 Bxd3 26. Qb4 Qe6 27. Rac1 Rdb8 28. Qd6 Rd8 29. Qxe6 fxe6 30. Rc7 Kg8 31. Rec1 Bf8 32. R1c6 Re8 33. Rb6 Re7 34. Rxe7 Bxe7 35. Rxe6 Kf7 36. Rb6 g5 37. hxg5 hxg5 38. e6+ Kg6 39. Be3 Rxa3 40. Rb7 Kf6 41. Bd4+ Kxe6 42. Rxe7+ Kd5 43. Be3 f4 44. gxf4 gxf4 45. Bxf4 Bb5 46. Re3 Ra2 47. Nf3 Bc6 48. Re5+ Kc4 49. Re3 Ra4 50. Ne5+ 1-0


[Site "https://www.chess.com"]

[Event "Titled Tuesday Blitz February 07 Early 2023"]
[White "Mischuk, Dmitry"]
[Black "Sarkar, Justin"]
[WhiteFideId "14118734"]
[BlackFideId "2010011"]
[WhiteElo "2298"]
[BlackElo "2309"]
[Result "1-0"]
[Round "01"]
[TimeControl "180+2"]
[Date "2023.02.07"]
[WhiteClock "0:00:50"]
[BlackClock "0:00:01"]

1. d4 Nf6 2. c4 e6 3. Nc3 Bb4 4. e3 O-O 5. Bd3 d5 6. Nf3 c5 7. a3 Bxc3+ 8. bxc3 Nc6 9. O-O b6 10. cxd5 exd5 11. dxc5 bxc5 12. h3 Be6 13. a4 Qa5 14. Qc2 h6 15. Ba3 Rfd8 16. Bb5 Qb6 17. Rfb1 a6 18. Bf1 Qa5 19. Nd2 c4 20. Nf3 Rab8 21. Nd4 Nxd4 22. cxd4 Ne4 23. Bc1 Qc3 24. Qxc3 Nxc3 25. Rxb8 Rxb8 26. f3 Bd7 27. a5 Rb3 28. Kf2 Kf8 29. g4 Ke8 30. Ra3 Rxa3 31. Bxa3 Bb5 32. Ke1 Kd7 33. Bf8 g6 34. Bxh6 Nb1 35. e4 1-0


[Site "https://www.chess.com"]

[Event "Titled Tuesday Blitz February 07 Early 2023"]
[White "Hoffmann, Asa"]
[Black "Costachi, Mihnea"]
[WhiteFideId "2001470"]
[BlackFideId "1217518"]
[WhiteElo "2185"]
[BlackElo "2476"]
[Result "0-1"]
[Round "01"]
[TimeControl "180+2"]
[Date "2023.02.07"]
[WhiteClock "0:00:50"]
[BlackClock "0:00:39"]

1. d4 d5 2. Bg5 Nf6 3. Nd2 c5 4. c3 cxd4 5. cxd4 Nc6 6. e3 Qb6 7. Qb3 Bf5 8. Ngf3 e6 9. Qxb6 axb6 10. a3 Ne4 11. Bf4 Be7 12. Be2 O-O 13. O-O Rfc8 14. Rac1 f6 15. h3 g5 16. Bh2 Kf7 17. Nxe4 Bxe4 18. Nd2 Bg6 19. f4 gxf4 20. Bxf4 Kg7 21. Bg4 Kf7 22. h4 h5 23. Be2 Kg7 24. g4 hxg4 25. Bxg4 f5 26. h5 fxg4 27. hxg6 Kxg6 28. Kg2 Rh8 29. Rh1 Bg5 30. Kg3 Bxf4+ 31. Kxf4 Rh3 32. Rxh3 gxh3 33. Nf3 Rf8+ 34. Kg3 Kf5 35. Nd2 Rh8 36. Rf1+ Kg6 37. Nf3 Rh5 38. Rh1 Ne7 39. Ne5+ Kf5 40. Rxh3 Rxh3+ 41. Kxh3 Ke4 42. Nd7 Kxe3 43. Nxb6 Kxd4 44. Kg3 e5 45. Kf3 Kd3 46. Kf2 e4 47. a4 Kd2 48. b4 e3+ 49. Kf3 e2 0-1


[Site "https://www.chess.com"]

[Event "Titled Tuesday Blitz February 07 Early 2023"]
[White "Sokolovsky, Yahli"]
[Black "Begunov, Konstantin"]
[WhiteFideId "2820242"]
[BlackFideId "4118510"]
[WhiteElo "2461"]
[BlackElo "2325"]
[Result "1-0"]
[Round "01"]
[TimeControl "180+2"]
[Date "2023.02.07"]
[WhiteClock "0:00:41"]
[BlackClock "0:00:32"]

1. b3 d5 2. e3 c6 3. Bb2 Nf6 4. d4 Bg4 5. Be2 Bxe2 6. Qxe2 e6 7. Nf3 Be7 8. Ne5 O-O 9. O-O c5 10. Nd2 Nc6 11. Nxc6 bxc6 12. Nf3 cxd4 13. exd4 c5 14. Ne5 Qb6 15. c4 Rfd8 16. Rad1 cxd4 17. Bxd4 Bc5 18. Ba1 Qa6 19. Nd3 Be7 20. c5 Ne4 21. b4 Rab8 22. f3 Nf6 23. Qc2 Qc6 24. a4 a5 25. b5 Bxc5+ 26. Qxc5 1-0


[Site "https://www.chess.com"]

[Event "Titled Tuesday Blitz February 07 Early 2023"]
[White "Krzywda, Andrzej"]
[Black "Oro, Faustino"]
[WhiteFideId "1114565"]
[BlackFideId "20000197"]
[WhiteElo "2223"]
[BlackElo "2269"]
[Result "0-1"]
[Round "01"]
[TimeControl "180+2"]
[Date "2023.02.07"]
[WhiteClock "0:00:02"]
[BlackClock "0:00:53"]

1. e4 c5 2. Nf3 d6 3. d4 cxd4 4. Nxd4 Nf6 5. Nc3 a6 6. Be3 e5 7. Nb3 Be7 8. Rg1 h5 9. f3 Be6 10. Qd2 Nbd7 11. O-O-O b5 12. Kb1 Nb6 13. g3 Qc7 14. Qe1 b4 15. Ne2 Nc4 16. Nec1 a5 17. Nd3 a4 18. Nbc1 Nxe3 19. Qxe3 b3 20. cxb3 axb3 21. Nxb3 O-O 22. Nb4 Qb7 23. a3 d5 24. exd5 Bf5+ 25. Bd3 Bxd3+ 26. Qxd3 Bxb4 27. axb4 Qxb4 28. Nc1 Rfb8 29. Qd2 Qc4 30. b3 Ra3 31. Qb2 Raxb3 32. Nxb3 Rxb3 33. Rg2 Rxb2+ 34. Rxb2 Nxd5 35. Rc1 Nc3+ 36. Ka1 Qa4+ 37. Ra2 Qxa2# 0-1


[Site "https://www.chess.com"]

[Event "Titled Tuesday Blitz February 07 Early 2023"]
[White "Ajay, Karthikeyan"]
[Black "Buscar, Michael"]
[WhiteFideId "35011685"]
[BlackFideId "2603616"]
[WhiteElo "2454"]
[BlackElo "2041"]
[Result "1-0"]
[Round "01"]
[TimeControl "180+2"]
[Date "2023.02.07"]
[WhiteClock "0:00:33"]
[BlackClock "0:00:02"]

1. d4 d5 2. c4 e6 3. Nc3 Nf6 4. cxd5 exd5 5. Bg5 Be7 6. e3 c6 7. Bd3 Na6 8. a3 Nc7 9. Nf3 Ne6 10. Bh4 O-O 11. Qc2 g6 12. b4 Ng7 13. Ne5 Bf5 14. Bg5 a6 15. h4 Ne4 16. Bxe4 Bxe4 17. Nxe4 dxe4 18. Bh6 f5 19. h5 g5 20. Qc4+ Qd5 21. Qxd5+ cxd5 22. Rc1 Rfc8 23. Kd2 Ne6 24. Nd7 Bd8 25. g4 f4 26. Nc5 Nxc5 27. Rxc5 Rxc5 28. bxc5 f3 29. Rb1 Ra7 30. a4 Kf7 31. Kc3 Ba5+ 32. Kc2 Bd8 33. a5 Kg8 34. c6 bxc6 35. Rb8 Rd7 36. Bxg5 Kf7 37. Rxd8 Rb7 38. Rh8 Ke6 39. Rc8 Kd7 40. Rd8+ Ke6 41. Ra8 Rb4 42. Rxa6 Kd6 43. Ra7 Ra4 44. Be7+ Ke6 45. Kb3 Ra1 46. Bh4 1-0


[Site "https://www.chess.com"]